 Dungeon Crawl Stone Soup version 0.30-a0-341-g682706514a (webtiles) character file.

Game seed: 12955612853122153200

112 Muataran the Chopper (level 4, -3/41 HPs)
             Began as a Hill Orc Fighter on Nov 1, 2022.
             Killed from afar by an orc wizard (13 damage)
             ... with a puff of flame
             ... on level 4 of the Dungeon.
             The game lasted 00:04:04 (2380 turns).

Muataran the Chopper (Hill Orc Fighter)             Turns: 2380, Time: 00:04:05

Health: -3/41      AC:  8    Str: 20    XL:     4   Next: 95%
Magic:  4/4        EV:  9    Int:  8    God:
Gold:   196        SH:  4    Dex: 10    Spells: 3/3 levels left

rFire   . . .      SeeInvis .    a - +0 war axe
rCold   . . .      Faith    .    c - +0 buckler
rNeg    . . .      Spirit   .    b - +0 scale mail
rPois   .          Reflect  .    m - +0 helmet
rElec   .          Harm     .    (no cloak)
rCorr   .          Rampage  .    (no gloves)
Will    .....                    (no boots)
Stlth   ..........               (no amulet)
HPRegen 0.26/turn                (no ring)
MPRegen 0.09/turn                (no ring)

@: no status effects
A: no striking features
a: no special abilities


You were on level 4 of the Dungeon.
You visited 1 branch of the dungeon, and saw 4 of its levels.

You collected 232 gold pieces.
You spent 36 gold pieces at shops.

Inventory:

Hand Weapons
 a - a +0 war axe (weapon)
Armour
 b - a +0 scale mail (worn)
 c - a +0 buckler (worn)
 m - a +0 helmet (worn)
 u - a +0 tower shield
Jewellery
 i - a ring of protection from fire
 o - a ring of poison resistance
Scrolls
 e - 3 scrolls of teleportation {unknown}
 f - a scroll of summoning {unknown}
 g - a scroll of vulnerability {unknown}
 r - a scroll of blinking {unknown}
 s - a scroll of butterflies {unknown}
 t - a scroll of fear {unknown}
 v - a scroll of magic mapping {unknown}
 w - a scroll of identify {unknown}
 x - a scroll of enchant armour {unknown}
Potions
 d - a potion of might
 h - a potion of degeneration {unknown}
 j - 4 potions of curing
 k - a potion of invisibility {unknown}
 l - a potion of lignification {unknown}
 n - a potion of haste {unknown}
 p - a potion of ambrosia {unknown}
 q - a potion of attraction {unknown}


   Skills:
 + Level 4.4 Fighting
 * Level 4.6 Axes
 + Level 4.0 Armour
 - Level 4.0 Shields


You had 3 spell levels left.
You didn't know any spells.
Your spell library contained the following spells:

 Spells                   Type           Power      Damage    Failure   Level
 Sandblast                Erth           0%         2d4       85%         1
 Blink                    Tloc           0%         N/A       94%         2
 Momentum Strike          Conj/Tloc      0%         3d8       94%         2
 Passwall                 Tmut/Erth      0%         N/A       94%         2
 Lesser Beckoning         Tloc           0%         N/A       99%         3
 Stone Arrow              Conj/Erth      0%         3d7       99%         3


Dungeon Overview and Level Annotations

Branches:
Dungeon (4/15)
 Temple: D:4-7

Altars:
Elyvilon
Gozag
Uskayaw
Zin
The Shining One

Shops:
D:1 [[(**


Message History

You hit the orc wizard.
The orc wizard is lightly wounded.
You barely miss the orc. The orc hits you but does no damage.
The orc wizard hits you with a +0 dagger.
You hit the orc wizard but do no damage.
The orc wizard is lightly wounded.
You slash the orc!
You kill the orc!
The orc wizard hits you but does no damage.
You hit the orc wizard.
The orc wizard is heavily wounded.
The orc wizard gestures wildly while chanting.
The orc wizard flickers and vanishes!
Deactivating autopickup; reactivate with Ctrl-A.
Something hits you but does no damage.
No target in view!
No target in view!
No target in view!
No target in view!
You hit something.
You hear some strange, mumbled words.
A puff of flame appears from out of thin air!
The puff of flame hits you.
You miss something. Something hits you.
You barely miss something.
You hear some strange, mumbled words.
A puff of flame appears from out of thin air!
The puff of flame hits you! Something hits you.
* * * LOW HITPOINT WARNING * * *
You completely miss something. You block something's attack.
You barely miss something. Something hits you.
* * * LOW HITPOINT WARNING * * *
You miss something.
Something hits you but does no damage. x2
You miss something. Something hits you.
* * * LOW HITPOINT WARNING * * *
You miss something.
You hear some strange, mumbled words.
A puff of flame appears from out of thin air!
The puff of flame hits you!
You die...

......<.##....#
##.#....##....#
#.#....##....#
#............#
############.#
##'#########.
#..>.......?.
#.....{......
#...>@)......
#....).......
#.......?....
#....$.......
#<...........
##.###.....#.
#. .###.# #. .#
.#


There were no monsters in sight!

Vanquished Creatures
  3 adders
  4 worms
  2 dart slugs (D:3)
  3 orcs
  7 bats
  4 endoplasms
  4 giant cockroaches
  8 goblins
  8 hobgoblins
  2 jackals (D:1)
  6 kobolds
  2 quokkas (D:1)
  2 ball pythons
  6 frilled lizards
  3 rats
64 creatures vanquished.

Notes
Turn   | Place    | Note
-------+----------+-------------------------------------------
     0 | D:1      | Muataran the Hill Orc Fighter began the quest for the Orb.
     0 | D:1      | Reached XP level 1. HP: 19/19 MP: 1/1
    42 | D:1      | Reached XP level 2. HP: 27/27 MP: 2/2
   352 | D:1      | Found Abute's Armour Boutique.
   366 | D:1      | Found Kierixel's Armour Shoppe.
   376 | D:1      | Reached XP level 3. HP: 33/33 MP: 3/3
   487 | D:1      | Found Eddokir's General Store.
   500 | D:1      | Found Lis Ozed's Weapon Shop.
   528 | D:1      | Found Uryluj's Assorted Antiques.
   713 | D:1      | Bought a potion of curing for 36 gold pieces
  1407 | D:2      | Reached XP level 4. HP: 28/40 MP: 4/4
  1606 | D:3      | Found a glowing golden altar of the Shining One.
  1611 | D:3      | Found a glowing silver altar of Zin.
  1611 | D:3      | Found a white marble altar of Elyvilon.
  1939 | D:3      | Found an opulent altar of Gozag.
  2044 | D:3      | Found a hide-covered altar of Uskayaw.
  2380 | D:4      | Killed from afar by an orc wizard

Illustrated notes

Levels and vault maps discovered:
D:1:      nzn_arrival_water_spiral, layout_basic, serial_shops,
          nicolae_diamond_shop, nicolae_shop_bloodbath_and_beyond,
          nicolae_square_shop, shop, shop, kennysheep_flooded_box
D:2:      layout_loops_ring
D:3:      layout_loops_ring, dreamdust_divine_triumvirate, lemuel_crystal_altar,
          marbit_many_paths
D:4:      layout_basic, uniq_ijyb

Skill      XL: |  1  2  3  4 |
---------------+-------------+-----
Axes           | 3 4 |  4.6
Fighting       | 4 |  4.4
Shields        | 4 |  4.0
Armour         | 4 |  4.0

Action                   |  1- 3 |  4- 6 || total
-------------------------+-------+-------++-------
Melee: War axe           |    93 |    82 ||   175
Armor: Scale mail        |    34 |    47 ||    81
Dodge: Dodged            |    45 |    31 ||    76
Block: Buckler           |    15 |    13 ||    28

Table legend: (Time is in decaauts)
 A = Elapsed time spent in this place.
 B = Non-inter-level travel time spent in this place.
 C = Inter-level travel time spent in this place.
 D = Time resting spent in this place.
 E = Time spent auto-exploring this place.
 F = Levels seen in this place.
 G = Mean time per level.
                   A        B        C        D        E       F      G
               +--------+--------+--------+--------+--------+-----+--------+
         Total |   2438 |   2366 |     72 |      0 |   1903 |   4 |  609.5 |
       Dungeon |   2438 |   2366 |     72 |      0 |   1903 |   4 |  609.5 |
               +--------+--------+--------+--------+--------+-----+--------+

Top non-repeatable levels by time:
     D:3: 879 daAuts
     D:2: 775 daAuts
     D:1: 740 daAuts
     D:4: 43 daAuts
